 Dungeon Crawl Stone Soup version 0.28.0-45-g0d030f2227 (webtiles) character file.

Game seed: 817089473949721425

51 pkoi the Ruffian (level 3, 0/29 HPs)
             Began as a Demigod Gladiator on Apr 15, 2022.
             Slain by a gnoll
             ... wielding a +0 flail
              (7 damage)
             ... on level 2 of the Dungeon.
             The game lasted 00:01:45 (2168 turns).

pkoi the Ruffian (Demigod Gladiator)                Turns: 2168, Time: 00:01:45

Health: 0/29       AC:  9    Str: 19    XL:     3   Next: 36%
Magic:  5/5        EV:  8    Int: 10    God:
Gold:   81         SH:  0    Dex: 15    Spells: 2/2 levels left

rFire   . . .      SeeInvis .     - Unarmed
rCold   . . .      Faith    .   (no shield)
rNeg    . . .      Spirit   .   f - +0 chain mail
rPois   .          Reflect  .   b - +0 helmet
rElec   .          Harm     .   (no cloak)
rCorr   .          Rampage  .   (no gloves)
Will    .....                   (no boots)
Stlth   ..........              e - amulet of magic regeneration
HPRegen 0.09/turn               (no ring)
MPRegen 0.49/turn               (no ring)

@: no status effects
A: high MP 1, forlorn, divine attributes
a: no special abilities


You were on level 2 of the Dungeon.
You visited 1 branch of the dungeon, and saw 3 of its levels.

You collected 81 gold pieces.

Inventory:

Hand Weapons
 k - a +0 dagger
 n - a +0 whip
Missiles
 c - 3 throwing nets
 i - 12 poisoned darts (quivered)
 l - 5 curare-tipped darts
Armour
 a - a +0 leather armour
 b - a +0 helmet (worn)
 f - a +0 chain mail (worn)
 p - an orb of wrath
Jewellery
 e - an amulet of magic regeneration (around neck)
Scrolls
 g - 2 scrolls of identify
 o - a scroll of teleportation {unknown}
Potions
 d - a potion of berserk rage
 h - a potion of flight
 j - a potion of might
 m - a potion of haste {unknown}


   Skills:
 - Level 1.7 Fighting
 - Level 1.7 Throwing
 - Level 2.6 Dodging
 + Level 4.2 Unarmed Combat


You had 2 spell levels left.
You didn't know any spells.
Your spell library contained the following spells:

 Spells                   Type           Power      Damage    Failure   Level
 Corpse Rot               Necr/Air       0%         N/A       100%        2
 Dispel Undead            Necr           0%         3d6       100%        4
 Death Channel            Necr           0%         N/A       100%        6


Dungeon Overview and Level Annotations

Branches:
Dungeon (3/15)


Innate Abilities, Weirdness & Mutations

You have an increased reservoir of magic. (+10% MP)
You shall have no god before yourself.
Your divine heritage dramatically boosts your attributes as you level up.


Message History

Search for what [Enter for "weapon", or ? for help]? orb You see here an orb of wrath.
p - an orb of wrath
(D) Dungeon
Where to? (Enter - D:2 @ (x,y), ? - help)
There is a stone staircase leading down here.
You climb downwards.
The bat hits you but does no damage. The gnoll barely misses you. x2
There is a stone staircase leading up here.
Unknown command.
The bat closely misses you. The bat barely misses you.
The gnoll hits you but does no damage. The gnoll barely misses you.
You climb upwards.
There is a stone staircase leading down here.
You closely miss the bat. The bat hits you but does no damage.
The gnoll hits you with a +0 flail.
* * * LOW HITPOINT WARNING * * *
The bat hits you but does no damage. The gnoll hits you but does no damage.
The bat hits you.
* * * LOW HITPOINT WARNING * * *
The bat hits you but does no damage. The bat barely misses you.
You barely miss the gnoll. The bat closely misses you.
The gnoll hits you with a +0 flail.
* * * LOW HITPOINT WARNING * * *
You hit the gnoll. You punch the gnoll.
The gnoll is heavily wounded.
The bat hits you but does no damage. The gnoll hits you with a +0 flail.
* * * LOW HITPOINT WARNING * * *
You hit the gnoll.
The gnoll is severely wounded.
The gnoll hits you with a +0 flail.
* * * LOW HITPOINT WARNING * * *
You closely miss the gnoll.
The gnoll is severely wounded.
The bat hits you but does no damage.
You barely miss the gnoll.
The gnoll is severely wounded.
The bat barely misses you. The gnoll hits you with a +0 flail!
You die...

....................'............
........#...........############.
........#.......####### #.
.###....#.............# #.
...#........#.........# #.
...++.......#.........# #.
...##.......#.........# #.
................####### #.
...............b@g..># #.
.....##..........###.# #.
.....##..........# #.# #.
.....##..........# #.# #.
.....##....#.###+###.###########.
.....##....#......##.............
.....##....#......###############
.....####...†..................<#
..................###############


You could see a gnoll and a bat.

Vanquished Creatures
  An adder (D:2)
  A worm (D:2)
  A dart slug (D:1)
  5 bats
  4 endoplasms
  A giant cockroach (D:2)
  2 goblins
  3 hobgoblins (D:1)
  A quokka (D:3)
  7 ball pythons
  2 frilled lizards (D:1)
  3 kobolds (D:2)
  3 rats
34 creatures vanquished.

Vanquished Creatures (others)
  A plant (D:3)
1 creature vanquished.

Grand Total: 35 creatures vanquished

Notes
Turn   | Place    | Note
-------+----------+-------------------------------------------
     0 | D:1      | pkoi the Demigod Gladiator began the quest for the Orb.
     0 | D:1      | Reached XP level 1. HP: 17/17 MP: 3/3
   187 | D:1      | Reached skill level 3 in Unarmed Combat
   618 | D:1      | Reached XP level 2. HP: 24/24 MP: 4/4
  1634 | D:2      | Reached XP level 3. HP: 24/29 MP: 5/5
  1762 | D:2      | Reached skill level 4 in Unarmed Combat
  2168 | D:2      | Slain by a gnoll

Illustrated notes

Levels and vault maps discovered:
D:1:      lemuel_arrival_tunnels, layout_loops_ring,
          ebering_ecumenical_altar_webs
D:2:      layout_basic
D:3:      layout_rooms, serial_bayou_lake_a, uniq_crazy_yiuf_cottage, uniq_robin

Skill      XL: |  1  2  3 |
---------------+----------+-----
Unarmed Combat | 3 4 |  4.2
Fighting       | |  1.7
Throwing       | |  1.7
Dodging        | |  2.6

Action                   || total
-------------------------++-------
Melee: Unarmed           ||   132
       Punch             ||     1
  Use: Scroll            ||     4
Armor: Leather armour    ||     4
       Chain mail        ||    83
       Skin              ||     1
Dodge: Dodged            ||    70
